 Dungeon Crawl Stone Soup version 0.29-a0-1065-g47a6bb87d6 (webtiles) character file.

Game seed: 7226662998127794578

78 supermoro06 the Shield-Bearer (level 4, 0/29 HPs)
             Began as a Gargoyle Fighter on Aug 18, 2022.
             Slain by a worm (4 damage)
             ... on level 2 of the Dungeon.
             The game lasted 00:01:59 (1823 turns).

supermoro06 the Shield-Bearer (Gargoyle Fighter)    Turns: 1823, Time: 00:02:00

Health: 0/29       AC: 13    Str: 21    XL:     4   Next: 36%
Magic:  4/4        EV:  7    Int:  9    God:
Gold:   159        SH:  4    Dex:  9    Spells: 3/3 levels left

rFire   . . .      SeeInvis +   a - +0 flail
rCold   . . .      Faith    .   c - +0 buckler
rNeg    + . .      Spirit   .   h - +0 chain mail
rPois   ∞          Reflect  .   (no helmet)
rElec   +          Harm     .   (no cloak)
rCorr   .          Rampage  .   (no gloves)
Will    .....                   (no boots)
Stlth   ..........              (no amulet)
HPRegen 0.09/turn               g - ring of see invisible
MPRegen 0.09/turn               (no ring)

@: no status effects
A: sickness immunity, AC +3, negative energy resistance 1, electricity
resistance, torment resistance 1, petrification resistance
a: no special abilities


You were on level 2 of the Dungeon.
You visited 1 branch of the dungeon, and saw 2 of its levels.

You collected 159 gold pieces.

Inventory:

Hand Weapons
 a - a +0 flail (weapon)
Armour
 c - a +0 buckler (worn)
 h - a +0 chain mail (worn)
Jewellery
 g - a ring of see invisible (left hand)
Potions
 d - a potion of might
 e - 2 potions of haste
 f - a potion of heal wounds {unknown}


   Skills:
 * Level 3.9 Fighting
 * Level 2.7 Maces & Flails
 * Level 3.9 Armour
 + Level 0.4 Dodging
 * Level 3.9 Shields


You had 3 spell levels left.
You didn't know any spells.
Your spell library contained the following spells:

 Spells                   Type           Power      Damage    Failure   Level
 Foxfire                  Conj/Fire      0%         2x1d4     99%         1
 Conjure Flame            Conj/Fire      0%         6-21      100%        3
 Inner Flame              Hex/Fire       0%         N/A       100%        3
 Flame Wave               Conj/Fire      0%         2d4       100%        4


Dungeon Overview and Level Annotations

Branches:
Dungeon (2/15)

Altars:


Innate Abilities, Weirdness & Mutations

You are immune to sickness and miasma.
Your stone body is resilient. (AC +3)
You are immune to poison.
You resist negative energy. (rN+)
You are resistant to electric shocks. (rElec)
You are resistant to unholy torment.
You are immune to petrification.


Message History

You hit the adder.
The adder is almost dead.
The adder bites you. The adder closely misses you.
You barely miss the adder.
The adder is severely wounded.
The adder barely misses you. You block the adder's attack.
You completely miss the adder.
The adder is severely wounded.
The adder bites you but does no damage.
You barely miss the adder.
The adder is severely wounded.
The adder closely misses you. The adder completely misses you.
The worm barely misses you.
You hit the adder.
The adder is almost dead.
The adder bites you.
* * * LOW HITPOINT WARNING * * *
The adder bites you but does no damage.
You barely miss the adder.
The adder is almost dead.
The adder bites you but does no damage. The worm bites you.
* * * LOW HITPOINT WARNING * * *
You miss the adder.
The adder is almost dead.
The adder bites you but does no damage. x2; The worm completely misses you.
You barely miss the adder.
The adder is almost dead.
The adder bites you but does no damage. The worm closely misses you.
The adder bites you but does no damage.
You miss the adder.
The adder is almost dead.
The adder bites you but does no damage. You block the adder's attack.
The worm bites you.
* * * LOW HITPOINT WARNING * * *
You hit the adder.
You kill the adder!
You sock the kobold!
You kill the kobold!
The worm bites you.
You die...

#.# #..........##
####. #..
....#.......# ## #..
...##.#.#...### #
#...#####...#.....# .
####..####...#
..#..#####...####### #
#.#..##..(..........
#.#
#.#.w#..............
..
#.#@#............>..
#$#.#g#...............
#...†.................
#.#...................
##..#...............
....................
..#.##.#.............
.......#######.......
.. .#. # ..#....


You could see a worm and a hobgoblin.

Vanquished Creatures
  3 adders (D:2)
  4 worms (D:2)
  A dart slug (D:1)
  3 ball pythons
  3 endoplasms
  A giant cockroach (D:2)
  2 goblins (D:1)
  4 hobgoblins
  2 quokkas (D:2)
  3 bats
  2 frilled lizards
  5 kobolds
  6 rats
39 creatures vanquished.

Notes
Turn   | Place    | Note
-------+----------+-------------------------------------------
     0 | D:1      | supermoro06 the Gargoyle Fighter began the quest for the
                  | Orb.
     0 | D:1      | Reached XP level 1. HP: 14/14 MP: 1/1
    17 | D:1      | Noticed a minotaur skeleton
   287 | D:1      | Reached XP level 2. HP: 19/19 MP: 2/2
   935 | D:2      | Reached XP level 3. HP: 16/23 MP: 3/3
  1290 | D:2      | Found a faded altar of an unknown god.
  1774 | D:2      | Reached XP level 4. HP: 29/29 MP: 4/4
  1823 | D:2      | Slain by a worm

Illustrated notes

Levels and vault maps discovered:
D:1:      shiori_arrival_whats_in_store_for_you, layout_loops_ring
D:2:      layout_rooms, hellmonk_ecumenical_altar_arch_garden,
          minmay_tetromino_i2

Action                   |  1- 3 |  4- 6 || total
-------------------------+-------+-------++-------
Melee: Flail             |   120 |    29 ||   149
  Use: Scroll            |     3 |       ||     3
       Potion            |     1 |       ||     1
Armor: Scale mail        |    60 |       ||    60
       Chain mail        |     1 |    28 ||    29
Dodge: Dodged            |    48 |    35 ||    83
Block: Buckler           |    30 |    13 ||    43

Table legend: (Time is in decaauts)
 A = Elapsed time spent in this place.
 B = Non-inter-level travel time spent in this place.
 C = Inter-level travel time spent in this place.
 D = Time resting spent in this place.
 E = Time spent auto-exploring this place.
 F = Levels seen in this place.
 G = Mean time per level.
                   A        B        C        D        E       F      G
               +--------+--------+--------+--------+--------+-----+--------+
         Total |   1879 |   1825 |     54 |    296 |   1180 |   2 |  939.5 |
       Dungeon |   1879 |   1825 |     54 |    296 |   1180 |   2 |  939.5 |
               +--------+--------+--------+--------+--------+-----+--------+

Top non-repeatable levels by time:
     D:1: 940 daAuts
     D:2: 939 daAuts
